 Dungeon Crawl Stone Soup version 0.30-a0-778-g2ef04afb54 (webtiles) character file.

Game seed: 4794526886955314658

20352 M4edhros the Blocker (level 12, -3/80 HPs)
             Began as an Octopode Artificer on Feb 15, 2023.
             Was a High Priest of Zin.
             Slain by an eight-headed hydra (5 damage)
             ... while petrified by a catoblepas
             ... on level 14 of the Dungeon.
             The game lasted 00:20:26 (12478 turns).

M4edhros the Blocker (Octopode Artificer)          Turns: 12478, Time: 00:20:27

Health: -3/80      AC:  9    Str: 12    XL:     12   Next: 78%
Magic:  20/20      EV:  2    Int: 14    God:    Zin [*****.]
Gold:   607        SH:  0    Dex: 22    Spells: 11/11 levels left

rFire   . . .      SeeInvis +    j - +4 trident (protect)
rCold   . . .      Faith    .    v - +0 tower shield
rNeg    + + +      Spirit   .    (helmet restricted)
rPois   ∞          Reflect  .    O - amulet of the acrobat
rElec   .          Harm     .    l - +4 ring of protection
rCorr   +          Rampage  .    k - +6 ring of dexterity
Will    .....                    w - ring of see invisible
Stlth   +++                      F - +4 ring of protection
HPRegen 0.33/turn                J - ring of positive energy
MPRegen 0.17/turn                P - ring of resist corrosion
                                 (no ring)
                                 (no ring)

@: petrified
A: almost no armour, amphibious, 8 rings, camouflage 1, gelatinous body 1,
(nimble swimmer 1), tentacles
a: Renounce Religion, Recite, Vitalisation, Imprison, Sanctuary, Donate Gold


You were on level 14 of the Dungeon.
You worshipped Zin.
Zin was extremely pleased with you.
You visited 1 branch of the dungeon, and saw 14 of its levels.
You also visited: Sewer.

You collected 994 gold pieces.
You spent 309 gold pieces at shops.
You donated 78 gold pieces to Zin.

Inventory:

Hand Weapons
 j - a +4 trident of protection (weapon)
 q - the +9 staff of Wucad Mu {*channel}
   (You found it in a sewer)

   *Channel:  It occasionally powers its wielder's spells, but with a chance of
   causing confusion or draining the wielder's intelligence.
   It becomes more likely to activate and less likely to backfire with increased
   Evocations skill.
Missiles
 N - 2 poisoned darts
Armour
 v - a +0 tower shield (worn)
Magical Staves
 e - a staff of air
Jewellery
 k - a +6 ring of dexterity (right tentacle)
 l - a +4 ring of protection (left tentacle)
 w - a ring of see invisible (on tentacle)
 F - a +4 ring of protection (on tentacle)
 J - a ring of positive energy (on tentacle)
 O - an amulet of the acrobat (around mantle)
 P - a ring of resist corrosion (on tentacle)
Wands
 b - a wand of flame (15) (quivered)
 c - a wand of charming (3)
 d - a wand of iceblast (2)
 t - a wand of light (4)
 u - a wand of polymorph (10)
 x - a wand of mindburst (6)
 B - a wand of digging (14)
 H - a wand of paralysis (15)
 Q - a wand of roots (5)
Scrolls
 f - 2 scrolls of amnesia
 g - 6 scrolls of teleportation
 i - 4 scrolls of blinking
 y - 3 scrolls of noise
 z - 2 scrolls of enchant armour
 A - 4 scrolls of butterflies
 C - 3 scrolls of poison
 D - 5 scrolls of immolation
 E - 3 scrolls of fog
 K - 3 scrolls of magic mapping
Potions
 a - 5 potions of might
 h - a potion of berserk rage {unknown}
 m - a potion of haste {unknown}
 n - 2 potions of flight
 o - 4 potions of heal wounds
 p - 2 potions of attraction
 r - 10 potions of curing
 s - 3 potions of lignification
 G - 2 potions of resistance
 I - a potion of magic {unknown}
 L - 2 potions of ambrosia


   Skills:
 + Level 6.3 Fighting
 - Level 9.0 Polearms
 + Level 6.8 Dodging
 - Level 1.3 Stealth
 * Level 11.7 Shields
 - Level 4.8 Unarmed Combat
 * Level 10.8 Invocations
 - Level 6.0 Evocations


You had 11 spell levels left.
You didn't know any spells.
Your spell library contained the following spells:

 Spells                   Type           Power      Damage    Failure   Level
 Shock                    Conj/Air       0%         1d3       83%         1
 Ensorcelled Hibernation  Hex/Ice        0%         N/A       92%         2
 Passwall                 Tmut/Erth      0%         N/A       92%         2
 Ignite Poison            Fire/Tmut/Pois 0%         N/A       99%         3
 Kindle Blastsparks       Fire/Tloc/Air  0%         2d10      99%         3
 Swiftness                Air            0%         N/A       99%         3
 Airstrike                Air            0%         2d(0-16)  100%        4
 Fulminant Prism          Conj/Hex       0%         3d5       100%        4
 Iskenderun's Mystic Bla  Conj/Tloc      0%         2d3       100%        4
 Blade Hands              Tmut           0%         N/A       100%        5
 Freezing Cloud           Conj/Ice/Air   0%         6-21      100%        5
 Irradiate                Conj/Tmut      0%         3d11      100%        5
 Lee's Rapid Deconstruct  Erth           0%         3d4*      100%        5
 Dragon Form              Tmut           0%         N/A       100%        7


Dungeon Overview and Level Annotations

Branches:
Dungeon (14/15)            Temple (0/1) D:7            Lair (0/5) D:10
    Orc (0/2) D:9           Sewer (visited)
 Vaults: D:13-14

Altars:
Cheibriados
Dithmenos
Elyvilon
Fedhas
Kikubaaqudgha
Makhleb
Qazlal
Sif Muna
Vehumet
Xom
Yredelemnul
Zin

Shops:
D:5 *   D:9 [   D:13 *

Annotations:
D:12 3 runed translucent doors, exclusion: 2 skeletal warriors, bezhaha's ghost, journeyman OgWr
D:14 Nessos


Innate Abilities, Weirdness & Mutations

You cannot wear most types of armour.
You are amphibious.
You can wear up to eight rings at the same time.
Your skin changes colour to match your surroundings (Stealth+).
Your rubbery body absorbs attacks. (AC +1, EV +1)
((You are camouflaged when in or above water. (Stealth+)))
You have tentacles for arms and can constrict up to eight enemies at once.


Message History

You are engulfed in calcifying dust.
The catoblepas gores you!!
You are engulfed in calcifying dust.
The catoblepas gores you!!
Your surroundings suddenly seem different.
Nessos and an eight-headed hydra come into view.
Nessos is wearing a +1 barding of stealth.
Found a scroll of teleportation.
Nessos shouts!
Nessos casts a spell.
Nessos blinks!
The eight-headed hydra bites you!
The eight-headed hydra barely misses you.
The eight-headed hydra bites you.
The eight-headed hydra barely misses you.
The eight-headed hydra bites you but does no damage.
The eight-headed hydra bites you.
The eight-headed hydra bites you but does no damage.
The eight-headed hydra bites you. Nessos hits you!
* * * LOW HITPOINT WARNING * * *
Nessos kicks you but does no damage. The eight-headed hydra bites you.
* * * LOW HITPOINT WARNING * * *
The eight-headed hydra bites you!
* * * LOW HITPOINT WARNING * * *
The eight-headed hydra completely misses you.
The eight-headed hydra bites you.
* * * LOW HITPOINT WARNING * * *
The eight-headed hydra bites you.
* * * LOW HITPOINT WARNING * * *
The eight-headed hydra bites you.
The eight-headed hydra bites you but does no damage. x2
Nessos casts a spell.
Nessos seems to speed up.
The eight-headed hydra bites you but does no damage. x2
The eight-headed hydra bites you.
* * * LOW HITPOINT WARNING * * *
The eight-headed hydra bites you.
* * * LOW HITPOINT WARNING * * *
The eight-headed hydra bites you.
* * * LOW HITPOINT WARNING * * *
The eight-headed hydra bites you!
You die...

###+###
#.....#
#.....#
#...cD+
+..§.@#
#.....#
#...?.#
####.##
#. ##


You could see Nessos (fast) and an eight-headed hydra.

Vanquished Creatures
  Rupert (D:13)
  Erica (D:10)
  2 centaur warriors
  A boulder beetle (D:11)
  3 two-headed ogres
  Amaemon (D:9)
  2 deep elf pyromancers
  7 ugly things
  3 cyclopes
  2 gargoyles
  An orange demon (D:9)
  2 unseen horrors
  3 komodo dragons
  6 trolls
  A hornet (D:8)
  2 slime creatures (D:12)
  2 shadows
  A wyvern (D:9)
  A basilisk (D:13)
  2 wraiths
  3 yaks (D:11)
  3 steam dragons
  An acid dragon (D:14)
  A water moccasin (D:8)
  5 orc warriors
  A sky beast (D:7)
  2 black bears
  3 ogres
  2 centaurs (D:7)
  A phantom (D:3)
  A kobold brigand (D:10)
  3 bullfrogs
  A gnoll sergeant (D:5)
  4 scorpions
  8 howler monkeys
  An electric eel (D:12)
  A gnoll bouda (D:5)
  7 orc priests
  5 hounds
  3 iguanas
  12 orc wizards
  2 human simulacra (D:10)
  13 gnolls
  12 adders
  A shadow imp (D:7)
  A white imp (D:6)
  5 dart slugs
  49 orcs
  16 ball pythons
  3 bats
  7 endoplasms
  12 giant cockroaches
  12 goblins
  6 hobgoblins
  6 jackals
  12 kobolds
  13 quokkas
  2 frilled lizards
  5 rats
289 creatures vanquished.

Vanquished Creatures (collateral kills)
  A slime creature (D:12)
  A centaur (D:9)
  An endoplasm (Sewer)
  2 quokkas (Sewer)
5 creatures vanquished.

Vanquished Creatures (others)
  A shadow (D:9)
  A human (D:10)
  A bullfrog (Sewer)
  3 orcs
  A ball python (Sewer)
  3 plants (D:10)
10 creatures vanquished.

Grand Total: 304 creatures vanquished

Notes
Turn   | Place    | Note
-------+----------+-------------------------------------------
     0 | D:1      | M4edhros the Octopode Artificer began the quest for the
                  | Orb.
     0 | D:1      | Reached XP level 1. HP: 13/13 MP: 1/1
   265 | D:1      | Reached XP level 2. HP: 18/18 MP: 2/2
   530 | D:3      | Reached XP level 3. HP: 20/23 MP: 3/3
   573 | D:3      | Found a shimmering blue altar of Sif Muna.
   598 | D:3      | Reached skill level 5 in Evocations
   769 | D:4      | Reached XP level 4. HP: 9/28 MP: 4/4
   961 | D:4      | Reached skill level 1 in Unarmed Combat
   961 | D:4      | Reached XP level 5. HP: 27/33 MP: 5/5
  1215 | D:4      | Reached XP level 6. HP: 28/38 MP: 6/6
  1626 | D:4      | Found a white marble altar of Elyvilon.
  1707 | D:5      | Entered Level 5 of the Dungeon
  1809 | D:5      | Reached skill level 1 in Polearms
  1809 | D:5      | Reached XP level 7. HP: 41/43 MP: 7/7
  2078 | D:5      | Found a glowing drain.
  2091 | Sewer    | Entered a sewer
  2300 | Sewer    | Found the +9 staff of Wucad Mu {*channel}
  2539 | D:5      | Found Raefeax's Assorted Antiques.
  2542 | D:5      | Bought a jewelled brass wand for 100 gold pieces
  2542 | D:5      | Bought a tower shield for 112 gold pieces
  2812 | D:6      | Reached skill level 1 in Shields
  2866 | D:6      | Found a shadowy altar of Dithmenos.
  2881 | D:6      | Reached XP level 8. HP: 51/51 MP: 8/8
  2957 | D:6      | Reached skill level 2 in Shields
  3260 | D:6      | Found a glowing silver altar of Zin.
  3466 | D:6      | Became a worshipper of Zin the Law-Giver
  3554 | D:6      | Reached skill level 3 in Shields
  3808 | D:6      | Reached skill level 5 in Polearms
  4013 | D:5      | Reached skill level 4 in Shields
  5228 | D:1      | Reached * piety under Zin
  5516 | D:5      | Bought a lumpy ruby potion for 22 gold pieces
  5516 | D:5      | Bought 3 scrolls labelled GAFA OMMONUOD for 75 gold pieces
  5684 | D:7      | Reached skill level 5 in Shields
  5684 | D:7      | Reached XP level 9. HP: 41/55 MP: 9/9
  6047 | D:7      | Found a snail-covered altar of Cheibriados.
  6222 | D:7      | Found a shimmering altar of Xom.
  6284 | D:7      | Reached skill level 6 in Shields
  6360 | D:7      | Found a staircase to the Ecumenical Temple.
  6547 | D:8      | Reached skill level 1 in Invocations
  6596 | D:8      | Reached ** piety under Zin
  7315 | D:8      | Noticed a hornet
  7320 | D:8      | Killed a hornet
  7619 | D:9      | Found a basalt altar of Yredelemnul.
  7633 | D:9      | Noticed a troll
  7638 | D:9      | Reached skill level 7 in Shields
  7644 | D:9      | Killed a troll
  7645 | D:9      | Reached XP level 10. HP: 50/61 MP: 12/12
  7726 | D:9      | Found a burning altar of Makhleb.
  7769 | D:9      | Found Okkecasm's Armour Shop.
  7771 | D:9      | Found a staircase to the Orcish Mines.
  7791 | D:9      | Reached *** piety under Zin
  7830 | D:9      | Found a stormy altar of Qazlal.
  7840 | D:9      | Reached **** piety under Zin
  7886 | D:9      | Noticed Amaemon
  7886 | D:9      | Noticed an orange demon
  8048 | D:9      | Killed an orange demon
  8058 | D:9      | Killed Amaemon
  8059 | D:9      | Reached skill level 8 in Shields
  8059 | D:9      | Reached skill level 5 in Invocations
  8279 | D:10     | Entered Level 10 of the Dungeon
  8682 | D:10     | Noticed Erica
  8694 | D:10     | Killed Erica
  8858 | D:10     | Noticed a two-headed ogre
  8873 | D:10     | Killed a two-headed ogre
  8874 | D:10     | Reached skill level 9 in Shields
  8874 | D:10     | Reached XP level 11. HP: 62/67 MP: 14/16
  8877 | D:10     | Noticed a two-headed ogre
  8887 | D:10     | Killed a two-headed ogre
  8953 | D:10     | Noticed a centaur warrior
  8971 | D:10     | Killed a centaur warrior
  9134 | D:10     | Found a blossoming altar of Fedhas.
  9194 | D:10     | Found a staircase to the Lair.
  9223 | D:10     | Found an ancient bone altar of Kikubaaqudgha.
  9776 | D:11     | Reached ***** piety under Zin
  9796 | D:11     | Noticed a boulder beetle
  9811 | D:11     | Killed a boulder beetle
  9812 | D:11     | Reached skill level 5 in Dodging
 10012 | D:11     | Found a radiant altar of Vehumet.
 10062 | D:11     | Noticed a red ugly thing
 10073 | D:11     | Killed a red ugly thing
 10076 | D:11     | Reached skill level 10 in Shields
 10222 | D:12     | Noticed a two-headed ogre
 10228 | D:12     | Killed a two-headed ogre
 10437 | D:12     | Found a runed translucent gate.
 10437 | D:12     | Found a runed translucent gate.
 10437 | D:12     | Found a runed translucent gate.
 10440 | D:12     | Noticed bezhaha's ghost (journeyman OgWr)
 10444 | D:12     | Found the +0 mask of the Dragon {Will+ Slay+3 SInv}
 10580 | D:12     | Reached skill level 5 in Fighting
 10593 | D:12     | Noticed a cyclops
 10617 | D:12     | Killed a cyclops
 10682 | D:12     | Reached XP level 12. HP: 75/77 MP: 18/18
 11646 | D:13     | Noticed Rupert
 11663 | D:13     | Paralysed by Rupert for 2 turns
 11666 | D:13     | Killed Rupert
 11667 | D:13     | Reached skill level 11 in Shields
 11667 | D:13     | Reached skill level 10 in Invocations
 11851 | D:13     | Noticed a centaur warrior
 11867 | D:13     | Killed a centaur warrior
 12047 | D:13     | Found Maisu's Assorted Antiques.
 12343 | D:13     | Noticed a boulder beetle
 12469 | D:14     | Noticed a catoblepas
 12476 | D:14     | Noticed Nessos
 12476 | D:14     | Noticed an eight-headed hydra
 12478 | D:14     | HP: 2/80 [eight-headed hydra (3)]
 12478 | D:14     | Slain by an eight-headed hydra

Illustrated notes

Levels and vault maps discovered:
D:1:      co_arrival_square_in_a_square_in_a_square, layout_basic,
          serial_rivers, chequers_serial_rivers_micro_a,
          chequers_serial_rivers_marsh, chequers_serial_rivers_large_a,
          chequers_serial_rivers_micro_c, minmay_domino_2
D:2:      layout_rooms, amcnicky_mini_rare_corridor_liquid, cheibrodos_gnoll_hut
D:3:      layout_basic, nicolae_sif_muna_condensation, st_stairs_11
D:4:      layout_loops_corners, elyvilon_altar_3
D:5:      layout_loops_ring, portal_sewer_entry_d, serial_shops,
          kennysheep_mini_moat
D:6:      layout_basic, zin_scriptorium, nicolae_dithmenos_shadow_blocks,
          minmay_ogre_servants
D:7:      layout_loops_cross, mainiacjoe_overflow_brackets, marbit_many_paths,
          minmay_temple_entry_statues_fountains
D:8:      layout_basic
D:9:      layout_rooms, mainiacjoe_overflow_boulevard,
          nicolae_qazlal_general_emergency, mainiacjoe_overflow_paths,
          orc_david_3, uniq_amaemon
D:10:     layout_long_grid, kennysheep_mini, tgw_kikubaaqudgha,
          david_lair_shrubbed, bh_circular_ruins, uniq_erica
D:11:     layout_rooms, nicolae_vehumet_radiance
D:12:     layout_basic, biasface_ghost_orc_armoury, nicolae_benzene_ring,
          hangedman_decor_diamond_cutter
D:13:     layout_loops_ring, serial_shops, shop, uniq_rupert
D:14:     layout_roguey, david_vaults_4, interstate_on_off, uniq_nessos,
          uniq_frances

Skill      XL: |  1  2  3  4  5  6  7  8  9 10 11 12 |
---------------+-------------------------------------+-----
Evocations     | 4 5 6 |  6.0
Unarmed Combat | 1 3 4 |  4.8
Polearms       | 1 3 6 8 9 |  9.0
Fighting       | 2 3 5 6 |  6.3
Dodging        | 3 4 5 6 |  6.8
Shields        | 1 5 7 9 10 11 | 11.7
Invocations    | 3 6 9 10 | 10.8
Stealth        | |  1.3

Action                     |  1- 3 |  4- 6 |  7- 9 | 10-12 || total
---------------------------+-------+-------+-------+-------++-------
  Melee: Unarmed           |    70 |    59 |       |       ||   129
         Constrict         |    19 |    19 |    75 |    50 ||   163
         Tentacles         |    11 |    20 |    77 |   145 ||   253
         Punch             |     4 |     1 |    21 |    28 ||    54
         Trident           |       |     5 |   292 |   452 ||   749
         Staff             |       |       |    50 |       ||    50
 Invoke: Recite            |       |       |       |    11 ||    11
         Vitalisation      |       |       |       |     1 ||     1
  Evoke: Wand              |       |     5 |    20 |    19 ||    44
    Use: Scroll            |       |     5 |    13 |    10 ||    28
         Potion            |       |       |       |     1 ||     1
   Stab: Sleeping          |     7 |     6 |    30 |     3 ||    46
         Invisible         |       |       |     2 |     6 ||     8
         Paralysed         |       |       |       |    18 ||    18
         Distracted        |       |       |       |     1 ||     1
         Confused          |       |       |       |     3 ||     3
 Armour: Skin              |    19 |     8 |    82 |   109 ||   218
  Dodge: Dodged            |    56 |    37 |   173 |   152 ||   418
  Block: Tower shield      |       |       |   154 |   381 ||   535

Table legend: (Time is in decaauts)
 A = Elapsed time spent in this place.
 B = Non-inter-level travel time spent in this place.
 C = Inter-level travel time spent in this place.
 D = Time resting spent in this place.
 E = Time spent auto-exploring this place.
 F = Levels seen in this place.
 G = Mean time per level.
                   A        B        C        D        E       F      G
               +--------+--------+--------+--------+--------+-----+--------+
         Total |  12658 |  11841 |    817 |    770 |   8499 |  15 |  843.9 |
       Dungeon |  12366 |  11549 |    817 |    770 |   8413 |  14 |  883.3 |
         Sewer |    291 |    291 |      0 |      0 |     86 |   1 |  291.0 |
               +--------+--------+--------+--------+--------+-----+--------+

Top non-repeatable levels by time:
     D:6: 1466 daAuts
    D:12: 1383 daAuts
     D:8: 1148 daAuts
    D:10: 1130 daAuts
     D:4: 1064 daAuts
     D:5: 1017 daAuts
     D:7: 814 daAuts
    D:13: 790 daAuts
     D:9: 761 daAuts
    D:11: 728 daAuts
     D:3: 709 daAuts
     D:1: 685 daAuts
     D:2: 529 daAuts
   Sewer: 291 daAuts
    D:14: 135 daAuts
